AoeStats
← jesus082879

Arabian Desert

510418984Analyzed
1v1 RM · 2d ago on Sep 30, 2026· 46m 34s· 2 players
Game mode
Random Map
Map size
Tiny (2 player)
Population
200
Speed
Normal
Resources
Standard
Victory
Conquest
Starting age
Dark Age
Ending age
Imperial Age
RankedLock teamsTeams togetherTeam positionsShared explorationLock speedFull tech treeHidden civsTurbo modeCheats
Victory
Defeat
🇲🇽 Saracens · Mexico
622
+18
🇺🇸 Saxons · United States
670
-18
jesus082879
7:51 Loom
11:18 Feudal Age
11:45 Double-Bit Axe
12:38 Wheelbarrow
12:53 Horse Collar
20:15 Castle Age
18:22 Gold Mining
19:02 Forging
19:23 Bloodlines
19:57 Scale Barding Armor
21:10 Bow Saw
21:18 Hand Cart
21:06 Heavy Plow
21:32 Husbandry
25:39 Iron Casting
25:39 Chain Barding Armor
26:00 Fletching
26:10 Pikeman
26:56 Scale Mail Armor
28:32 Bodkin Arrow
28:38 Padded Archer Armor
33:20 Bimaristan
34:49 Gold Shaft Mining
34:04 Stone Mining
34:54 Chain Mail Armor
34:54 Leather Archer Armor
35:31 Town Watch
36:02 Guard Tower
36:07 Murder Holes
36:23 Masonry
39:23 Fervor
42:37 Imperial Age
40:13 Town Patrol
45:18 Elite Mameluke
46:09 Counterweights
MattyFingahZ
11:33 Feudal Age
13:13 Double-Bit Axe
13:10 Horse Collar
20:51 Castle Age
19:58 Fletching
20:13 Padded Archer Armor
20:18 Scale Mail Armor
20:29 Forging
21:43 Crossbowman
22:27 Bodkin Arrow
22:55 Bow Saw
24:32 Wheelbarrow
23:45 Loom
23:46 Town Watch
23:56 Pikeman
29:02 Gold Mining
29:05 Stone Mining
29:23 Thumb Ring
30:18 Ballistics
34:15 Leather Archer Armor
40:22 Imperial Age
41:24 Elite Varangian Guard
44:39 Bracer
45:23 Gold Shaft Mining
Connection lost

Rejoining the realm…

Still unreachable

The connection could not be restored.

Session expired

The server has moved on; the page needs a fresh start.